 Dungeon Crawl Stone Soup version 0.20-a0-850-ge5a7832 (webtiles) character file.

30 Alarkh the Skirmisher (level 3, 29/29 HPs)
             Began as a Demonspawn Monk on Mar 10, 2017.
             Got out of the dungeon alive.
             The game lasted 00:00:42 (1088 turns).

Alarkh the Skirmisher (Demonspawn Monk)             Turns: 1088, Time: 00:00:43

Health: 29/29      AC:  5    Str: 11    XL:     3   Next: 5%
Magic:  3/3        EV: 13    Int: 12    God:
Gold:   73         SH:  0    Dex: 15    Spells: 2/2 levels left

rFire    . . .     SeeInvis .   a - +0 hand axe
rCold    . . .     Gourm    .   b - +0 robe
rNeg     . . .     Faith    .   (no shield)
rPois    .         Spirit   .   (no helmet)
rElec    .         Reflect  .   (no cloak)
rCorr    .         Harm     .   (no gloves)
MR       .....                  j - +2 pair of boots
Stlth    ++........             f - amulet of magic regeneration
Regen    0.1/turn               (no ring)
MPRegen  0.2/turn               (no ring)

@: no status effects
A: talons 1, spiny 1
a: no special abilities


You escaped.
You were not hungry.

You visited 1 branch of the dungeon, and saw 2 of its levels.

You collected 73 gold pieces.

Inventory:

Hand Weapons
 a - a +0 hand axe (weapon)
Armour
 b - a +0 robe (worn)
 j - a +2 pair of boots (worn)
Jewellery
 f - an amulet of magic regeneration (around neck)
Scrolls
 d - a scroll of identify {unknown}
 e - 2 scrolls of immolation {unknown}
 i - a scroll of remove curse {unknown}
Potions
 g - a potion of agility {unknown}
 h - a potion of invisibility {unknown}
Comestibles
 c - 2 bread rations
 l - a royal jelly


   Skills:
 + Level 3.2 Fighting
 * Level 3.1 Axes
 + Level 0.5 Armour
 + Level 3.1 Dodging
 - Level 1.7 Stealth


You had 2 spell levels left.
You didn't know any spells.

Dungeon Overview and Level Annotations

Branches:
Dungeon (2/15)

Altars:
Dithmenos


Innate Abilities, Weirdness & Mutations

You have sharp toenails.
You are partially covered in sharp spines.


Message History

You feel clever.
Your demonic ancestry asserts itself...
Sharp spines emerge from parts of your body.
k - 4 chunks of flesh (gained 1)
l - a royal jelly
Found a shadowy altar of Dithmenos.
Some of the chunks of flesh in your inventory have rotted away.
There is a stone staircase leading up here.
You climb upwards.
There is a stone staircase leading down here.
Eating a chunk of flesh.
You eat the chunk of flesh.
This raw flesh tastes terrible.
There is an open door here.
Things that are here:
a stone; a kobold corpse
Things that are here:
a leather armour; a dagger
There is an open door here.
There is a staircase leading out of the dungeon here.
Are you sure you want to leave the Dungeon?
This will make you lose the game!
You have escaped!

...........(.....#######
........>#'#####.......#
#####'####.# #.#####.#
.......# #(#####'#####.#
.......# #.#.........#.#
.......# #.#.........#.#
.......# #[#..⌠...⌠..#.#
.......# #.#.........#.#
#####'## #.'....@....'.#
#.# #.#.........### #.#
#(#..⌠...⌠..#
#####.####.#.........#
...........#.........#
####....##.#####'#####
#....##.......#
#.[..########## # #....#


There were no monsters in sight!

Vanquished Creatures
  An adder (D:2)
  A dart slug (D:1)
  2 bats (D:1)
  A giant cockroach (D:1)
  5 goblins (D:1)
  2 hobgoblins (D:1)
  3 jackals (D:1)
  A frilled lizard (D:1)
  A kobold (D:1)
17 creatures vanquished.

Notes
Turn   | Place    | Note
-------+----------+-------------------------------------------
     0 | D:1      | Alarkh the Demonspawn Monk began the quest for the Orb.
     0 | D:1      | Reached XP level 1. HP: 18/18 MP: 1/1
   220 | D:1      | Gained mutation: You have sharp toenails. [demonic ancestry]
   220 | D:1      | Reached XP level 2. HP: 23/24 MP: 2/2
  1028 | D:2      | Gained mutation: You are partially covered in sharp spines. [demonic ancestry]
  1028 | D:2      | Reached XP level 3. HP: 29/29 MP: 3/3
  1040 | D:2      | Found a shadowy altar of Dithmenos.
  1088 | D:$      | Got out of the dungeon alive.

Vault maps used:
D:1:      mushboom_english_gardens
D:2:      overflow_temple_1_default, lemuel_coloured_pillars_altar, uniq_robin

Skill      XL: |  1  2 |
---------------+-------+-----
Axes           | 3 |  3.1
Dodging        | 3 |  3.1
Fighting       | |  3.2
Armour         | |  0.5
Stealth        | |  1.7

Action                   || total
-------------------------++-------
Melee: Hand axe          ||    51
 Stab: Sleeping          ||     2
  Eat: Chunk             ||     1
Armor: Robe              ||    11
Dodge: Dodged            ||    41
